 Dungeon Crawl Stone Soup version 0.20-a0-386-g2d247ea (webtiles) character file.

6373 HagarQim the Protected (level 10, -9/87 HPs)
             Began as a Deep Dwarf Fighter on Dec 29, 2016.
             Was a Priest of Elyvilon.
             Killed from afar by a deep elf mage (31 damage)
             ... with a bolt of fire
             ... on level 10 of the Dungeon.
             The game lasted 00:47:20 (7722 turns).

HagarQim the Protected (Deep Dwarf Fighter)         Turns: 7722, Time: 00:47:20

Health: -9/87      AC: 14    Str: 24    XL:     10   Next: 65%
Magic:  10/11      EV:  8    Int:  8    God:    Elyvilon [***...]
Gold:   109        SH: 11    Dex: 12    Spells: 9/9 levels left

rFire  . . .     SeeInvis +     s - +5 falchion "Foida" {elec, rPois}
rCold  + . .     Gourm    .     k - +0 chain mail
rNeg   . . .     Faith    .     c - +0 shield
rPois  +         Spirit   .     (helmet restricted)
rElec  .         Reflect  .     n - +0 cloak
rCorr  .         Harm     .     (no gloves)
MR     +....                    o - +0 pair of boots
Stlth  ..........               (no amulet)
                                F - ring of see invisible
                                C - ring of protection from cold

@: non-regenerating
A: damage resistance, recharge devices, antennae 1, mutation resistance 1, sense
surroundings 2, slow regeneration 3
a: Heal Wounds, Lesser Healing, Heal Other, Purification, Divine Protection,
Renounce Religion


You were on level 10 of the Dungeon.
You worshipped Elyvilon.
Elyvilon was most pleased with you.
You were not hungry.

You visited 2 branches of the dungeon, and saw 11 of its levels.
You also visited: Sewer.

You collected 571 gold pieces.
You spent 462 gold pieces at shops.

Inventory:

Hand Weapons
 a - a +1 war axe
 b - a cursed -1 dagger
 l - a +0 hand axe
 p - a +2 short sword of speed
 s - the +5 falchion "Foida" (weapon) {elec, rPois}
   (You bought it in a shop on level 6 of the Dungeon)

   Occasionally, upon striking a foe, it will discharge some electrical energy
   and cause terrible harm.
   It protects you from poison.
 u - a +1 spear of freezing
 w - a +0 hand crossbow
 E - a +2 dagger of speed
 L - a +4 war axe
Missiles
 h - 11 javelins (quivered)
 m - 37 bolts
 r - 23 poisoned needles
 A - 25 sling bullets
Armour
 c - a +0 shield (worn)
 k - a +0 chain mail (worn)
 n - a +0 cloak (worn)
 o - a +0 pair of boots (worn)
 K - the +3 ring mail of the King {rElec rPois rC- Int+8}
   (You found it on level 7 of the Dungeon)

   It affects your intelligence (+8).
   It makes you vulnerable to cold.
   It insulates you from electricity.
   It protects you from poison.
Jewellery
 d - a +4 ring of dexterity
 e - an uncursed ring of magical power
 j - an uncursed amulet of harm
 C - a ring of protection from cold (left hand)
 F - a ring of see invisible (right hand)
Wands
 D - a wand of lightning (3/15)
 G - a wand of iceblast (8/15)
 H - a wand of flame (30/48)
 P - a wand of disintegration (10/24)
 R - a wand of lightning (9/15)
 T - a wand of polymorph (12/24)
Scrolls
 g - 6 scrolls of identify
 x - 3 scrolls of enchant weapon
 y - a scroll of amnesia
 B - 4 scrolls of teleportation
 N - a scroll of remove curse
Potions
 t - 5 potions of curing
 v - 2 potions of flight
 I - a potion of invisibility
Books
 J - a Young Poisoner's Handbook

   Spells                             Type                      Level
   a - Sting                          Conjuration/Poison           1
   b - Mephitic Cloud                 Conjuration/Poison/Air       3
   c - Olgreb's Toxic Radiance        Poison                       4
   d - Alistair's Intoxication        Transmutation/Poison         5
   e - Venom Bolt                     Conjuration/Poison           5
 M - a book of Frost

   Spells                             Type                      Level
   a - Freeze                         Ice                          1
   b - Throw Frost                    Conjuration/Ice              2
   c - Ozocubu's Armour               Charms/Ice                   3
   d - Throw Icicle                   Conjuration/Ice              4
   e - Summon Ice Beast               Ice/Summoning                4
Miscellaneous
 Q - a lamp of fire
 S - a box of beasts
Comestibles
 f - 9 bread rations
 i - 7 meat rations
 q - 6 beef jerkies
 z - 2 chunks of flesh
 O - 7 slices of pizza


   Skills:
 + Level 4.8 Fighting
 * Level 6.6 Long Blades
 - Level 7.2 Axes
 * Level 4.6 Crossbows
 + Level 1.4 Throwing
 + Level 9.4 Armour
 + Level 2.6 Dodging
 + Level 7.7 Shields
 * Level 6.2 Invocations


You had 9 spell levels left.
You didn't know any spells.

Dungeon Overview and Level Annotations

Branches:
Dungeon (10/15)            Temple (1/1) D:4            Lair (0/6) D:10
    Orc: D:9-12

Altars:
Ashenzari
Cheibriados
Dithmenos
Elyvilon
Fedhas
Gozag
Hepliaklqana
Kikubaaqudgha
Makhleb
Nemelex Xobeh
Okawaru
Qazlal
Ru
Sif Muna
Trog
Uskayaw
Vehumet
Xom
Yredelemnul
Zin
The Shining One

Shops:
D:6 (   D:8 ?


Innate Abilities, Weirdness & Mutations

You are resistant to damage.
You can recharge devices by infusing magical energy.
You passively map the area around you.
You do not regenerate.
You have a pair of small antennae on your head.
You are somewhat resistant to further mutation.


Message History

The fire elemental hits you. The fire elemental burns you!
* * * LOW HITPOINT WARNING * * *
You slash the fire elemental!
The fire elemental is almost destroyed.
The fire elemental hits you. The fire elemental burns you!
* * * LOW HITPOINT WARNING * * *
You hit the fire elemental.
The fire elemental is almost destroyed.
The fire elemental barely misses you. You block the fire elemental's attack.
You hit the fire elemental.
You destroy the fire elemental!
The fire elemental barely misses you.
You riposte.
You slash the fire elemental!
The fire elemental is moderately damaged.
The deep elf mage points at you and mumbles some strange words.
The bolt of fire hits the fire elemental.
The fire elemental completely resists.
The bolt of fire hits the fire elemental.
The fire elemental completely resists.
The bolt of fire hits you!
You die...

#........# #........#
#........#,+........#
#........# #........#
#...e..>.# #........#
#..§E§...# ####'#####
#'##* #....# #e§# ####'###
##E### #......# #ZE@#
#......# #########.###
###......#
#...........###.'......#
#...............#......#
#...........#####.....<###
#...........# #......#..
#...........# #......'.#
#...........# #......###
#.........>.# #......#


You could see a deep elf mage, 2 fire elementals and a centaur warrior skeleton.

Vanquished Creatures
  A two-headed ogre (D:9)
  An unseen horror (D:10)
  2 guardian serpents (D:9)
  A troll (D:9)
  Grinder (D:3)
  7 yaks
  Sigmund (D:3)
  3 hogs (D:8)
  A human (D:8)
  A hornet zombie (D:7)
  An orc warrior (D:8)
  A sky beast (D:8)
  7 centaurs
  An ogre (D:8)
  The ghost of RumaTero the Cudgeler, an amateur DsGl (D:3)
  A big kobold (Sewer)
  3 scorpions
  A howler monkey (D:4)
  4 wights (D:8)
  An electric eel (D:8)
  A bullfrog zombie (D:10)
  A centaur zombie (D:9)
  A crimson imp (D:10)
  2 quasits
  3 hounds
  2 jellies
  2 orc priests
  3 orc wizards
  An iguana (D:7)
  6 worker ants
  2 hound zombies
  A worker ant zombie (D:9)
  11 adders
  8 gnolls
  3 river rats
  2 shadow imps
  2 oozes
  An adder zombie (D:8)
  An adder skeleton (D:7)
  4 worms
  2 dart slugs
  8 leopard geckos
  11 orcs
  5 bats
  6 hobgoblins
  5 jackals
  10 kobolds
  5 quokkas
  5 ball pythons
  5 frilled lizards
  2 giant cockroach zombies (D:5)
  6 goblins
  A leopard gecko zombie (D:7)
  9 rats
  A bush (D:8)
  A fungus (D:1)
179 creatures vanquished.

Notes
Turn   | Place    | Note
-------+----------+-------------------------------------------
     0 | D:1      | HagarQim the Deep Dwarf Fighter began the quest for the Orb.
     0 | D:1      | Reached XP level 1. HP: 20/20 MP: 1/1
   182 | D:1      | Reached XP level 2. HP: 22/27 MP: 2/2
   841 | D:2      | Reached XP level 3. HP: 15/33 MP: 3/3
  1067 | D:2      | Reached skill level 4 in Armour
  1067 | D:2      | Reached XP level 4. HP: 37/40 MP: 4/4
  1486 | D:3      | Noticed Sigmund
  1503 | D:3      | Killed Sigmund
  1503 | D:3      | Reached XP level 5. HP: 36/49 MP: 5/5
  1545 | D:3      | Reached XP level 6. HP: 41/56 MP: 6/6
  1556 | D:3      | Noticed Grinder
  1575 | D:3      | Killed Grinder
  1575 | D:3      | Reached skill level 5 in Armour
  1575 | D:3      | Reached skill level 1 in Dodging
  1577 | D:3      | Noticed RumaTero's ghost (amateur DsGl)
  1598 | D:3      | Killed RumaTero's ghost
  1598 | D:3      | Reached skill level 5 in Axes
  1598 | D:3      | Reached skill level 5 in Shields
  1598 | D:3      | Reached XP level 7. HP: 39/62 MP: 7/7
  2220 | D:4      | Found a glowing drain.
  2224 | Sewer    | Entered a sewer
  2369 | Sewer    | Found a white marble altar of Elyvilon.
  2436 | Sewer    | Became a worshipper of Elyvilon the Healer
  2802 | D:4      | Reached * piety under Elyvilon
  2819 | D:4      | Found a staircase to the Ecumenical Temple.
  2828 | Temple   | Entered the Ecumenical Temple
  3525 | D:5      | Entered Level 5 of the Dungeon
  3571 | D:5      | Reached skill level 6 in Armour
  3642 | D:5      | Reached skill level 1 in Invocations
  3839 | D:5      | Reached ** piety under Elyvilon
  3855 | D:5      | Reached XP level 8. HP: 66/72 MP: 7/7
  4214 | D:5      | You fall through a shaft!
  4532 | D:6      | Reached *** piety under Elyvilon
  4560 | D:6      | Found Goroown's Antique Weapon Shoppe.
  4567 | D:6      | Bought a pitted falchion for 176 gold pieces
  4567 | D:6      | Identified the +5 falchion "Foida" {elec, rPois} (You bought it in a shop on level 6 of the Dungeon)
  4568 | D:6      | Bought a hand crossbow for 77 gold pieces
  4782 | D:7      | Reached skill level 1 in Crossbows
  4926 | D:7      | Reached skill level 1 in Long Blades
  5052 | D:7      | Got an ichor-stained ring mail
  5063 | D:7      | Identified the +3 ring mail of the King {rElec rPois rC- Int+8} (You found it on level 7 of the Dungeon)
  5146 | D:7      | Reached **** piety under Elyvilon
  5422 | D:8      | Reached skill level 7 in Armour
  5426 | D:8      | Gained mutation: You are somewhat resistant to further mutation. [mutagenic meat]
  5489 | D:8      | Gained mutation: You passively map the area around you. [Deep Dwarf growth]
  5489 | D:8      | Reached XP level 9. HP: 42/78 MP: 10/10
  5490 | D:8      | Found Muagaav's Magic Scroll Boutique.
  5577 | D:8      | Reached skill level 1 in Throwing
  5645 | D:8      | Found a blossoming altar of Fedhas.
  5867 | D:8      | Reached skill level 5 in Long Blades
  6086 | D:9      | Noticed a troll
  6103 | D:9      | Killed a troll
  6207 | D:9      | Noticed a guardian serpent
  6217 | D:9      | Killed a guardian serpent
  6217 | D:9      | Reached skill level 8 in Armour
  6394 | D:9      | Reached skill level 5 in Invocations
  6411 | D:9      | Noticed a guardian serpent
  6421 | D:9      | Killed a guardian serpent
  6421 | D:9      | Reached XP level 10. HP: 40/87 MP: 10/10
  6427 | D:9      | Gained mutation: You have a pair of small antennae on your head. [mutagenic meat]
  6450 | D:9      | Noticed a two-headed ogre
  6469 | D:9      | HP: 3/87 [two-headed ogre/giant club (2)]
  6470 | D:9      | Killed a two-headed ogre
  7233 | D:10     | Entered Level 10 of the Dungeon
  7241 | D:10     | Reached skill level 9 in Armour
  7410 | D:6      | Bought a runed war axe for 209 gold pieces
  7614 | D:10     | Noticed an unseen horror
  7626 | D:10     | Killed an unseen horror
  7696 | D:10     | Noticed a deep elf mage
  7702 | D:10     | Found a staircase to the Lair.
  7722 | D:10     | Killed from afar by a deep elf mage

Vault maps used:
D:1:      tarquinn_simple_flora_water_e, hangedman_glass_teeth,
          minmay_gold_behind_fungi
D:3:      uniq_sigmund, uniq_grinder
D:4:      gup_sewer_entry_bowl, serial_column_ruins, column_ruins_square_medium,
          column_ruins_grid_1, column_ruins_open_tiny, column_ruins_open_small,
          column_ruins_columns_straight, supply_closet_lemuel
D:5:      first_bread
D:6:      serial_shops, nicolae_shop_behind_doors
D:8:      serial_shops, nicolae_shop_statue_plus, grunt_livestock,
          minmay_fountain_box, kennysheep_big_empty_room,
          fedhas_bush_and_centaur_altar
D:9:      nrook_guardian_serpent_snake_passage
D:10:     lair_entry_dummy, st_stairs_8
Temple:   compressed_dpeg_triangle_lava_temple
Sewer:    sewer_kobolds

Skill      XL: |  1  2  3  4  5  6  7  8  9 10 |
---------------+-------------------------------+-----
Shields        | 4 5 6 7 |  7.7
Axes           | 3 4 5 6 7 |  7.2
Armour         | 4 5 6 7 8 9 |  9.4
Fighting       | 3 4 |  4.8
Dodging        | 1 2 |  2.6
Invocations    | 1 3 5 6 |  6.2
Crossbows      | 2 3 4 |  4.6
Long Blades    | 2 6 |  6.6
Throwing       | 1 |  1.4

Action                   |  1- 3 |  4- 6 |  7- 9 | 10-12 || total
-------------------------+-------+-------+-------+-------++-------
Melee: War axe           |   145 |    75 |   170 |    23 ||   413
       Hand axe          |       |     2 |       |       ||     2
       Falchion          |       |       |   192 |    59 ||   251
 Fire: Hand crossbow     |       |       |    35 |    16 ||    51
Throw: Tomahawk          |     2 |       |     2 |       ||     4
       Javelin           |       |       |     8 |    11 ||    19
Invok: Greater Healing   |       |       |     3 |     5 ||     8
 Abil: Heal Wounds       |     1 |       |     9 |     3 ||    13
  Use: Scroll            |       |     4 |     8 |     1 ||    13
       Potion            |       |     4 |     7 |     1 ||    12
 Stab: Invisible         |       |       |     2 |       ||     2
  Eat: Chunk             |     1 |     2 |    18 |    10 ||    31
       Fruit             |       |       |     3 |     4 ||     7
Armor: Scale mail        |    11 |       |       |       ||    11
       Chain mail        |    82 |    29 |   186 |    38 ||   335
Dodge: Dodged            |    36 |     9 |   112 |    42 ||   199
Block: Shield            |    69 |    41 |   236 |    61 ||   407
       Rpst.: Falchion   |       |       |    22 |     6 ||    28
